AoeStats
← アヒル | patodin

Arena

504621163Analyzed
3v3 RM · 27d ago on Sep 6, 2026· 55m 39s· 6 players
Game mode
Random Map
Map size
Normal (6 player)
Population
200
Speed
Normal
Resources
Standard
Victory
Conquest
Starting age
Dark Age
Ending age
Imperial Age
RankedLock teamsTeams togetherTeam positionsShared explorationLock speedFull tech treeHidden civsTurbo modeCheats
Victory
Defeat
🇸🇻 Bohemians · El Salvador
1163
+14
🇸🇻 Spanish · El Salvador
1133
+16
🇬🇧 Burgundians · United Kingdom
1120
+16
🇨🇴 Bohemians · Colombia
1143
-16
🇨🇴 Spanish · Colombia
1136
-16
🇨🇴 Cumans · Colombia
1095
-14
アヒル | oo Valhalla
3:11 Loom
12:07 Feudal Age
16:45 Castle Age
16:04 Loom
16:14 Double-Bit Axe
17:25 Horse Collar
21:09 Heavy Plow
21:10 Fletching
22:41 Fervor
25:20 Sanctity
25:49 Bodkin Arrow
27:22 Redemption
32:29 Imperial Age
31:43 Ballistics
32:26 Chemistry
31:48 Ballistics
31:49 Forging
31:38 Pikeman
32:20 Scale Mail Armor
34:00 Conscription
33:19 Halberdier
37:12 Murder Holes
45:36 Chain Mail Armor
46:05 Iron Casting
51:18 Conscription
アヒル | patodin
11:31 Feudal Age
12:31 Double-Bit Axe
14:32 Gold Mining
15:06 Horse Collar
15:51 Loom
16:43 Wheelbarrow
19:53 Fletching
20:05 Padded Archer Armor
24:05 Castle Age
24:56 Stone Mining
24:46 Crossbowman
25:54 Bodkin Arrow
27:00 Hand Cart
27:55 Thumb Ring
29:51 Gold Shaft Mining
31:14 Ballistics
32:22 Masonry
32:08 Murder Holes
32:27 Heavy Plow
38:02 Imperial Age
41:06 Caravan
44:12 Leather Archer Armor
47:31 Scale Barding Armor
47:37 Forging
47:30 Light Cavalry
49:57 Chemistry
51:17 Iron Casting
52:13 Conscription
52:51 Steppe Husbandry
54:40 Chain Barding Armor
55:20 Blast Furnace
アヒル | Kairos
10:51 Feudal Age
16:07 Castle Age
18:16 Loom
18:41 Double-Bit Axe
26:58 Bow Saw
27:26 Wheelbarrow
26:37 Town Watch
27:14 Horse Collar
30:01 Gold Mining
29:58 Elite Skirmisher
34:11 Imperial Age
32:32 Padded Archer Armor
32:23 Fletching
33:53 Leather Archer Armor
35:03 Bodkin Arrow
35:38 Ring Archer Armor
35:15 Scale Barding Armor
35:21 Forging
36:42 Chemistry
35:54 Masonry
35:57 Fortified Wall
35:53 Bracer
36:40 Bloodlines
36:32 Husbandry
35:53 Light Cavalry
36:44 Scale Barding Armor
41:37 Sanctity
42:48 Cavalier
43:57 Hussar
45:00 Chain Barding Armor
45:16 Iron Casting
Pino
10:36 Feudal Age
15:11 Castle Age
13:13 Double-Bit Axe
14:16 Gold Mining
14:44 Horse Collar
15:36 Scale Mail Armor
23:50 Stone Mining
27:56 Stone Shaft Mining
28:10 Scale Barding Armor
27:55 Loom
29:10 Husbandry
30:30 Wheelbarrow
29:46 Cavalier
34:56 Fletching
38:20 Imperial Age
35:27 Elite Skirmisher
36:52 Bodkin Arrow
38:14 Padded Archer Armor
39:48 Treadmill Crane
44:55 Ballistics
45:47 Conscription
50:42 Burgundian Vineyards
50:55 Paladin
53:15 Forging
53:26 Chain Barding Armor
53:07 Bracer
53:23 Leather Archer Armor
56:24 Chemistry
55:36 Fortified Wall
55:39 Masonry
55:24 Murder Holes
_Elite_
10:40 Feudal Age
15:08 Castle Age
13:25 Horse Collar
13:36 Double-Bit Axe
14:20 Gold Mining
18:35 Wheelbarrow
29:30 Imperial Age
27:29 Scale Barding Armor
28:57 Bloodlines
33:13 Chain Barding Armor
36:45 Cavalier
40:36 Conscription
40:42 Forging
41:08 Plate Barding Armor
40:59 Husbandry
44:00 Iron Casting
44:33 Inquisition
48:25 Light Cavalry
52:05 Blast Furnace
backlog8660
10:31 Feudal Age
11:04 Double-Bit Axe
16:01 Castle Age
20:23 Fortified Wall
29:36 Imperial Age
30:36 Wheelbarrow
32:34 Hand Cart
33:04 Conscription
33:03 Fletching
33:14 Padded Archer Armor
33:47 Bow Saw
33:43 Bodkin Arrow
34:53 Chemistry
34:14 Ballistics
33:47 Elite Skirmisher
34:19 Treadmill Crane
36:26 Two-Man Saw
36:50 Bracer
37:05 Leather Archer Armor
37:55 Squires
37:17 Pikeman
38:13 Forging
38:03 Scale Mail Armor
39:10 Halberdier
41:56 Iron Casting
41:36 Chain Mail Armor
41:52 Ring Archer Armor
44:11 Houfnice
47:17 Blast Furnace
46:47 Plate Mail Armor
46:56 Arson
Connection lost

Rejoining the realm…

Still unreachable

The connection could not be restored.

Session expired

The server has moved on; the page needs a fresh start.